 Dungeon Crawl Stone Soup version 0.31-a0-358-gac0dbeb3ab (webtiles) character file.

Game seed: 12240006699298676815

36 CraigForest the Shield-Bearer (level 3, 0/24 (29) HPs)
             Began as a Formicid Fighter on July 26, 2023.
             Slain by Robin
             ... wielding a +0 trident
              (6 damage)
             ... on level 2 of the Dungeon.
             The game lasted 00:04:24 (958 turns).

CraigForest the Shield-Bearer (Formicid Fighter)     Turns: 958, Time: 00:04:24

HP:   0/24 (29)     AC: 11    Str: 20    XL:     3   Next: 57%
MP:   3/3           EV:  5    Int:  7    God:
Gold: 72            SH:  5    Dex: 15    Spells: 2/2 levels left

rFire   . .          .
                       - Unarmed
rCold   . . .        b - +0 buckler
rNeg    . . .        g - +0 plate armour
rPois   .            (helmet unavailable)
rElec   .            (no cloak)
rCorr   .            (no gloves)
SInv    +            (no boots)
Will    .....        (no amulet) Stlth
                     (no ring)
HPRegen 0.24/turn    (no ring)
MPRegen 0.08/turn

%: no passive effects
@: heavily drained
A: permanent stasis, dig shafts and tunnels, antennae 3, four strong arms
a: Dig, Shaft Self


You were on level 2 of the Dungeon.
You visited 1 branch of the dungeon, and saw 2 of its levels.

You collected 72 gold pieces.

Inventory:

Armour
 a - a +0 scale mail
 b - a +0 buckler (worn)
 g - a +0 plate armour (worn)
Scrolls
 d - 4 scrolls of teleportation {unknown}
 e - a scroll of identify {unknown}
 i - a scroll of enchant armour {unknown}
 j - a scroll of poison {unknown}
Potions
 c - a potion of might
 h - a potion of attraction {unknown}


   Skills:
 + Level 3.5 Fighting
 + Level 3.5 Armour
 + Level 4.7 Shields
 + Level 2.6 Unarmed Combat


You had 2 spell levels left.
You didn't know any spells.
Your spell library contained the following spells:

 Spells                   Type           Power      Damage    Failure   Level
 Ignite Poison            Fire/Tmut/Pois 0%         N/A       100%        3
 Sticky Flame             Conj/Fire      0%         2d3       100%        4
 Ignition                 Fire           0%         3d3       100%        8


Dungeon Overview and Level Annotations

Branches:
Dungeon (2/15)

Altars:

Annotations:
D:2 Robin


Innate Abilities, Weirdness & Mutations

You cannot be hasted, slowed, berserked, paralysed or teleported.
You can dig through walls and to a lower floor.
You have a pair of large antennae on your head. (SInv)
Your four strong arms can wield two-handed weapons with a shield.


Message History

Robin is heavily wounded.
You block the goblin's attack. Robin hits you but does no damage.
The goblin hits you with a +0 club.
You barely miss Robin.
Robin is heavily wounded.
The goblin hits you but does no damage. The goblin barely misses you.
Robin barely misses you. The goblin barely misses you.
You hit Robin.
Robin is heavily wounded.
The goblin hits you but does no damage.
A rat comes into view.
The goblin barely misses you. Robin hits you but does no damage.
The goblin barely misses you.
You completely miss Robin.
Robin is heavily wounded.
The goblin hits you but does no damage. The goblin hits you with a +0 dagger.
The goblin barely misses you.
You closely miss Robin.
Robin is heavily wounded.
You hit Robin but do no damage.
Robin is heavily wounded.
The goblin hits you with a +0 dagger. Robin hits you but does no damage.
The goblin hits you but does no damage. The goblin closely misses you.
You hit Robin but do no damage.
Robin is heavily wounded.
The goblin no longer looks unusually strong.
The goblin hits you but does no damage. The goblin hits you with a +0 club.
* * * LOW HITPOINT WARNING * * *
The goblin completely misses you.
You hit Robin.
Robin is severely wounded.
The goblin no longer looks unusually strong.
The goblin hits you with a +0 dagger.
* * * LOW HITPOINT WARNING * * *
You block the goblin's attack. The goblin hits you but does no damage.
It was a potion of curing.
You feel better. The goblin hits you with a +0 dagger.
* * * LOW HITPOINT WARNING * * *
Robin hits you with a +0 trident.
You die...

...... ....# ## #... ,, ...
#..#####.g## ..>.
#..).†..gg.#
.#...##r#####g#.# #.
......gg{...# #.
>##..##g###.# .. ....
#g@##.# . #### #g#g#.# # #)
#. #.###.# #.#.#### #.##.#
#.# ####.
#......####....###.#
###..... #...†<......).##.#
###...#
#....#######..##)####...#..#
#....#### #..#.###...####.#
#.......# #........### ..#


You could see Robin, a hobgoblin (strong), 4 goblins and a rat.

Vanquished Creatures
  2 dart slugs (D:1)
  A bat (D:1)
  3 endoplasms (D:1)
  4 goblins (D:2)
  5 hobgoblins
  A quokka (D:1)
  5 ball pythons
  2 frilled lizards (D:1)
  4 kobolds
  A rat (D:2)
28 creatures vanquished.

Notes
Turn   | Place    | Note
-------+----------+-------------------------------------------
     0 | D:1      | CraigForest the Formicid Fighter began the quest for the
                  | Orb.
     0 | D:1      | Reached XP level 1. HP: 18/18 MP: 1/1
   200 | D:1      | Reached XP level 2. HP: 19/24 MP: 2/2
   595 | D:1      | Reached XP level 3. HP: 27/28 MP: 3/3
   915 | D:2      | Noticed Robin
   958 | D:2      | Slain by Robin

Illustrated notes

Levels and vault maps discovered:
D:1:      tekkud_arrival_beachfront_property, layout_basic
D:2:      minmay_skewed_foursquare, layout_loops_ring, uniq_robin

Action                     || total
---------------------------++-------
  Melee: Unarmed           ||   130
Ability: Dig               ||     5
    Use: Potion            ||     1
   Stab: Distracted        ||     1
 Armour: Plate armour      ||    81
         Scale mail        ||     5
  Dodge: Dodged            ||    25
  Block: Buckler           ||    26

Table legend: (Time is in decaauts)
 A = Elapsed time spent in this place.
 B = Non-inter-level travel time spent in this place.
 C = Inter-level travel time spent in this place.
 D = Time resting spent in this place.
 E = Time spent auto-exploring this place.
 F = Levels seen in this place.
 G = Mean time per level.
                   A        B        C        D        E       F      G
               +--------+--------+--------+--------+--------+-----+--------+
         Total |    955 |    855 |    100 |      0 |    593 |   2 |  477.5 |
       Dungeon |    955 |    855 |    100 |      0 |    593 |   2 |  477.5 |
               +--------+--------+--------+--------+--------+-----+--------+

Top non-repeatable levels by time:
     D:1: 829 daAuts
     D:2: 125 daAuts
